Map: Blackpink LE

Players

fruitcake - Winner!

  • Race: Protoss Protoss
  • Spawn Location: 1:00

A.I. 1 (Very Hard)

  • Race: Protoss Protoss
  • Spawn Location: 7:00

VOD

Have the link to the VOD?

Description

Time

  • Played on: May 5, 2018, 6:44 p.m.
  • Length: 12:42
Show
View Real Time Build Order
Export as new Build Order

fruitcake Protoss - Winner!

Build Orders:  

Get SALT Encoding   

  1  0:00  Probe  
  13  0:13  Pylon  
  13  0:14  Probe  
  14  0:26  Assimilator  
  14  0:28  Probe  
  15  0:40  Probe  
  16  0:46  Gateway  
  16  0:51  Probe  
  17  0:59  Probe  
  18  1:07  Probe  
  19  1:24  Assimilator, Probe  
  20  1:36  Zealot  
  20  1:38  Pylon  
  22  1:50  Nexus  
  22  1:55  Zealot  
  24  2:14  Cybernetics Core  
  24  2:17  Probe  
  24  2:21  Zealot  
  27  2:41  Probe  
  27  2:42  Warp Gate  
  27  2:43  Forge  
  28  2:48  Zealot  
  30  2:53  Probe  
  31  3:04  Robotics Facility  
  31  3:05  Probe  
  32  3:11  Probe  
  32  3:18  Probe  
  32  3:19  Probe  
  34  3:24  Stalker  
  37  3:29  Probe  
  37  3:30  Probe  
  39  3:50  Gateway  
  39  3:53  Gateway  
  39  3:59  Immortal  
  39  4:00  Probe  
  39  4:02  Stalker  
  46  4:13  Pylon  
  46  4:22  Pylon  
  46  4:31  Probe x2  
  48  4:40  Immortal  
  48  4:43  Probe x2  
  54  4:51  Assimilator  
  54  4:52  Assimilator  
  54  4:55  Probe  
  54  4:56  Pylon  
  54  4:58  Pylon  
  54  4:59  Stalker  
  57  5:01  Protoss Ground Weapons Level 1  
  57  5:03  Stalker  
  59  5:11  Immortal  
  59  5:15  Probe  
  64  5:23  Probe  
  64  5:25  Probe  
  66  5:33  Probe  
  66  5:35  Pylon  
  67  5:38  Pylon  
  67  5:43  Robotics Facility  
  67  5:46  Stalker  
  69  5:54  Probe  
  70  5:58  Stalker x2  
  74  6:04  Probe  
  74  6:07  Immortal  
  79  6:27  Nexus  
  79  6:29  Stalker  
  79  6:30  Stalker  
  83  6:43  Probe  
  84  6:53  Stalker x3  
  90  7:05  Protoss Ground Armor Level 1  
  90  7:08  Immortal  
  94  7:26  Pylon  
  94  7:32  Pylon  
  94  7:38  Pylon, Warp Prism  
  96  7:46  Stalker x3  
  96  7:49  Assimilator  
  102  7:52  Assimilator  
  102  8:04  Probe  
  102  8:06  Pylon, Probe  
  102  8:07  Probe  
  102  8:08  Pylon  
  102  8:09  Pylon  
  102  8:12  Probe  
  105  8:17  Immortal x2  
  105  8:18  Probe  
  105  8:19  Probe  
  116  8:21  Probe  
  116  8:26  Stalker x2  
  121  8:30  Probe  
  114  8:52  Stalker  
  114  8:53  Stalker x2  
  108  8:56  Observer x2  
  92  9:16  Stalker  
  82  9:17  Stalker  
  82  9:18  Observer, Stalker, Immortal  
  83  9:39  Immortal  
  83  9:41  Gateway  
  87  9:46  Gateway  
  87  9:49  Gateway  
  83  9:56  Stalker x2  
  83  9:57  Stalker, Immortal  
  93  10:18  Immortal  
  97  10:36  Immortal  
  97  10:38  Stalker x3  
  105  11:02  Stalker x3  
  109  11:21  Immortal x2  
  117  11:40  Stalker x3  
  123  12:00  Immortal  
  123  12:01  Immortal  
  131  12:08  Stalker x3  
Show
View Real Time Build Order
Export as new Build Order

A.I. 1 (Very Hard) Protoss 

Build Orders: Zealot Archon 

Get SALT Encoding   

  12  0:00  Probe  
  13  0:13  Probe  
  14  0:20  Pylon  
  14  0:25  Probe  
  15  0:34  Probe  
  16  0:42  Probe  
  16  0:47  Assimilator  
  17  0:50  Gateway  
  17  0:51  Probe  
  18  1:00  Pylon, Probe  
  19  1:08  Probe  
  20  1:19  Probe  
  21  1:31  Probe  
  22  1:38  Zealot  
  22  1:41  Cybernetics Core  
  22  1:43  Probe  
  25  1:59  Nexus  
  25  2:10  Gateway  
  25  2:18  Pylon  
  25  2:21  Zealot  
  27  2:23  Warp Gate  
  27  2:25  Probe  
  28  2:37  Assimilator, Probe  
  29  2:48  Adept  
  29  2:49  Probe  
  29  2:51  Adept  
  34  3:01  Pylon, Probe  
  35  3:09  Probe  
  35  3:14  Sentry  
  35  3:15  Adept  
  40  3:30  Probe  
  41  3:40  Gateway, Stalker  
  44  3:41  Probe  
  44  3:42  Stalker  
  46  3:50  Probe  
  47  3:58  Probe  
  47  4:02  Probe  
  49  4:08  Probe  
  49  4:10  Stalker  
  49  4:12  Stalker  
  49  4:14  Probe  
  49  4:16  Probe  
  56  4:25  Probe  
  56  4:26  Probe  
  58  4:35  Stalker  
  58  4:37  Pylon  
  60  4:39  Probe  
  60  4:44  Pylon  
  61  4:55  Stalker, Probe  
  61  4:56  Gateway, Stalker, Probe  
  67  5:02  Stalker  
  67  5:04  Probe  
  69  5:08  Probe  
  69  5:12  Probe  
  71  5:15  Pylon  
  71  5:18  Stalker  
  71  5:19  Stalker  
  71  5:20  Probe  
  77  5:22  Probe  
  77  5:24  Pylon  
  78  5:33  Stalker, Probe  
  78  5:34  Probe  
  82  5:41  Pylon, Stalker  
  82  5:42  Stalker  
  86  5:45  Probe  
  86  5:46  Probe  
  86  5:47  Twilight Council  
  88  5:51  Sentry  
  88  5:55  Stalker  
  92  5:57  Probe  
  92  6:00  Assimilator  
  93  6:04  Zealot  
  93  6:07  Pylon  
  93  6:10  Assimilator  
  95  6:16  Zealot  
  97  6:25  Templar Archives  
  97  6:27  Pylon  
  97  6:41  Forge  
  97  6:45  Forge  
  97  6:49  Pylon  
  97  7:04  High Templar x2  
  97  7:05  Robotics Facility  
  101  7:16  Photon Cannon  
  101  7:20  Archon  
  101  7:21  High Templar  
  103  7:24  Pylon  
  103  7:30  High Templar  
  103  7:32  Gateway, Zealot  
  103  7:33  Nexus  
  107  7:46  High Templar, Archon  
  107  7:49  Photon Cannon, Immortal  
  109  7:51  Photon Cannon  
  113  8:07  High Templar  
  115  8:22  Photon Cannon, Warp Prism  
  115  8:23  Archon  
  115  8:24  High Templar  
  117  8:27  Pylon  
  117  8:30  Photon Cannon  
  119  8:35  High Templar, Photon Cannon  
  119  8:38  Pylon  
  119  8:41  Pylon, Zealot  
  121  8:42  Zealot x2  
  121  8:43  Pylon  
  121  8:45  Probe x3  
  110  8:56  Adept  
  110  8:57  Zealot, Probe  
  110  8:58  Probe x2, Immortal  
  110  9:02  High Templar, Zealot x2  
  107  9:03  Pylon  
  107  9:04  Assimilator  
  107  9:09  Probe  
  94  9:14  Zealot  
  94  9:15  Probe  
  94  9:16  Probe  
  82  9:17  High Templar  
  82  9:21  Probe  
  82  9:22  Zealot  
  77  9:25  Adept, Assimilator  
  77  9:28  Probe  
  77  9:31  Zealot  
  76  9:34  High Templar  
  76  9:37  Warp Prism  
  74  9:39  Zealot  
  74  9:41  Probe  
  74  9:42  Probe  
  74  9:43  Zealot  
  74  9:44  Probe  
  74  9:45  High Templar  
  76  9:51  Zealot  
  76  9:52  Probe  
  72  9:53  Probe  
  72  9:54  Probe  
  72  9:56  Zealot  
  71  10:03  High Templar  
  71  10:04  Probe  
  71  10:05  Probe  
  68  10:07  Zealot  
  68  10:08  Probe  
  68  10:11  Zealot  
  68  10:13  Observer  
  65  10:16  Stalker  
  65  10:17  High Templar, Probe x2  
  65  10:21  Probe  
  66  10:27  Zealot  
  61  10:29  Probe  
  61  10:30  Zealot, Probe  
  61  10:33  Probe  
  61  10:35  High Templar  
  67  10:39  Stalker  
  67  10:40  Probe  
  67  10:41  Pylon  
  69  10:43  Adept, Stalker  
  69  10:47  High Templar  
  69  10:49  Cybernetics Core  
  55  11:00  Probe  
  55  11:03  High Templar  
  50  11:07  Zealot  
  37  11:14  High Templar  
  22  11:25  Adept  
  22  11:31  Stalker  
  10  11:40  Probe  
  10  12:02  High Templar  
  10  12:29  High Templar  
Tags
 
Composition
Zealot Archon
Matchup
PvP
Spawn Locations
Cross Positions
Add a new tag
Caveats
  • Supply blocks, unpowered buildings, or Contaminate may cause inaccurate times.
  • Supply counts are checked every 10 seconds.